 Dungeon Crawl Stone Soup version 0.20-a0-795-ga03948b (webtiles) character file.

1184 Laphicet the Skirmisher (level 8, -16/70 HPs)
             Began as a Yellow Draconian Berserker on Mar 1, 2017.
             Was a Believer of Zin.
             Demolished by a polar bear (22 damage)
             ... created by the rage of Trog
             ... on level 7 of the Dungeon.
             The game lasted 00:10:27 (6065 turns).

Laphicet the Skirmisher (DrBe)                      Turns: 6065, Time: 00:10:27

Health: -16/70     AC:  7    Str: 16 (20) XL:     8   Next: 19%
Magic:  4/10       EV: 12    Int: 10      God:    Zin [**....]
Gold:   276        SH:  0    Dex:  4 (10) Spells: 7/9 levels left

rFire    . . .     SeeInvis .   m - +1 hand axe (flame)
rCold    . . .     Gourm    .   (armour unavailable)
rNeg     . . .     Faith    .   (no shield)
rPois    .         Spirit   .   (helmet restricted)
rElec    .         Reflect  .   (no cloak)
rCorr    +         Harm     .   y - +0 pair of gloves
MR       .....                  (no boots)
Stlth    ++........             (no amulet)
Regen    0.3/turn               (no ring)
MPRegen  0.2/turn               (no ring)

@: very slightly contaminated
A: spit acid, acid resistance, unfitting armour, cold-blooded, AC +6
a: Breathe Acid, Recite, Vitalisation, Donate Gold, Renounce Religion


You were on level 7 of the Dungeon.
You worshipped Zin.
Zin was pleased with you.
You were hungry.

You visited 1 branch of the dungeon, and saw 7 of its levels.

You collected 306 gold pieces.
You donated 30 gold pieces to Zin.

Inventory:

Hand Weapons
 m - a +1 hand axe of flaming (weapon)
Armour
 y - a +0 pair of gloves (worn)
Jewellery
 l - an uncursed ring of ice
 r - a +4 ring of intelligence {unknown}
 B - an uncursed amulet of guardian spirit {unknown}
Wands
 D - a wand of enslavement (11/24)
Scrolls
 a - 2 scrolls of teleportation {unknown}
 f - a scroll of enchant armour {unknown}
 i - 3 scrolls of recharging
 j - 3 scrolls of immolation
 n - a scroll of fog {unknown}
 s - 4 scrolls of identify
 u - a scroll of remove curse {unknown}
 C - a scroll of amnesia {unknown}
 E - a scroll of magic mapping {unknown}
 F - a scroll of enchant weapon {unknown}
Potions
 c - 2 potions of berserk rage {unknown}
 d - a potion of resistance {unknown}
 e - 2 potions of degeneration {unknown}
 h - 2 potions of brilliance {unknown}
 o - 2 potions of cancellation {unknown}
 p - a potion of lignification {unknown}
 q - 3 potions of curing
 v - 4 potions of might {unknown}
 w - a potion of mutation {unknown}
 x - a potion of agility {unknown}
 z - a potion of heal wounds {unknown}
 A - 2 potions of haste {unknown}
Books
 t - a book of Minor Magic

   Spells                             Type                      Level
   a - Magic Dart                     Conjuration                  1
   b - Blink                          Translocation                2
   c - Call Imp                       Summoning                    2
   d - Slow                           Hexes                        2
   e - Conjure Flame                  Conjuration/Fire             3
   f - Mephitic Cloud                 Conjuration/Poison/Air       3
Comestibles
 b - 5 bread rations
 g - 2 royal jellies
 k - 2 meat rations


   Skills:
 - Level 6.3 Fighting
 - Level 5.3 Axes
 - Level 5.0 Dodging
 - Level 4.3 Stealth
 + Level 1.3 Spellcasting
 + Level 1.8 Translocations


You had 7 spell levels left.
You knew the following spells:

 Your Spells              Type           Power        Failure   Level  Hunger
b - Blink                 Tloc           N/A          24%         2    ###....


Dungeon Overview and Level Annotations

Branches:
Dungeon (7/15)             Temple (0/1) D:6

Altars:
Ashenzari
Dithmenos
Elyvilon
Kikubaaqudgha
Makhleb
Nemelex Xobeh
Qazlal
Ru
Yredelemnul
Zin


Innate Abilities, Weirdness & Mutations

You can spit globs of acid.
You are resistant to acid.
Your golden yellow scales are hard. (AC +6)
You cannot fit into any form of body armour.
You are cold-blooded and may be slowed by cold attacks.


Message History

Unknown command.
Casting: Blink
Confirm with . or Enter, or press ? or * to list all spells.
You blink.
You are feeling hungry.
Unknown command.
The polar bear rages.
The polar bear bites you!! The polar bear claws you.
The polar bear claws you but does no damage.
The polar bear bites you. The polar bear claws you.
The polar bear barely misses you.
Okay, then.
As you read the scroll labeled GUF XUFOLANWO, it crumbles to dust.
It is a scroll of identify.
j - 3 scrolls of immolation The polar bear bites you!!
* * * LOW HITPOINT WARNING * * *
The polar bear claws you but does no damage.
The polar bear barely misses you. The polar bear bites you!!
You die...

#.........#
#.........#
#.........#
#.........#
#.........#
#.........# ##
#.........# ..
#........h###.#
#.......hhh@..+
#############.#
#


You could see 3 polar bears and a black bear (berserk).

Vanquished Creatures
  Grinder (D:4)
  Menkaure (D:4)
  3 ogres
  A centaur (D:5)
  A scorpion (D:4)
  2 howler monkeys (D:4)
  A crimson imp (D:5)
  A quasit (D:6)
  A hound (D:5)
  2 jellies
  An iguana (D:5)
  3 worker ants (D:4)
  A howler monkey skeleton (D:4)
  7 adders
  A shadow imp (D:5)
  An adder zombie (D:6)
  4 worms
  A dart slug (D:1)
  3 leopard geckos
  An orc (D:3)
  2 bat zombies (D:6)
  2 giant cockroaches
  4 goblins (D:1)
  7 hobgoblins
  6 jackals
  3 quokkas
  A ball python (D:6)
  8 bats
  6 frilled lizards
  9 kobolds
  A leopard gecko skeleton (D:5)
  10 rats
  2 rat zombies (D:6)
  A spectral orc (D:3)
99 creatures vanquished.

Notes
Turn   | Place    | Note
-------+----------+-------------------------------------------
     0 | D:1      | Laphicet the Draconian Berserker began the quest for the Orb.
     0 | D:1      | Reached XP level 1. HP: 19/19 MP: 1/1
    78 | D:1      | Reached XP level 2. HP: 24/26 MP: 2/2
   282 | D:1      | Reached skill level 1 in Stealth
   724 | D:1      | Reached ** piety under Trog
   816 | D:2      | Reached XP level 3. HP: 30/33 MP: 3/3
   944 | D:2      | Found a sparkling altar of Nemelex Xobeh.
  1328 | D:2      | Reached skill level 4 in Fighting
  1592 | D:2      | Reached XP level 4. HP: 30/40 MP: 4/4
  2345 | D:3      | Found a burning altar of Makhleb.
  2345 | D:3      | Noticed a green death
  2417 | D:3      | Found a basalt altar of Yredelemnul.
  2654 | D:4      | Noticed Menkaure
  2662 | D:4      | Killed Menkaure
  2662 | D:4      | Reached XP level 5. HP: 31/47 MP: 5/5
  2831 | D:4      | Reached XP level 6. HP: 35/55 MP: 6/6
  3094 | D:4      | Reached skill level 5 in Fighting
  3351 | D:4      | Noticed Grinder
  3366 | D:4      | Killed Grinder
  3366 | D:4      | Your scales start taking on a golden yellow colour.
  3366 | D:4      | Reached XP level 7. HP: 46/61 MP: 7/7
  3811 | D:4      | Found a stormy altar of Qazlal.
  3997 | D:5      | Entered Level 5 of the Dungeon
  4108 | D:5      | Found a sacrificial altar of Ru.
  4108 | D:5      | Found a white marble altar of Elyvilon.
  4109 | D:5      | Found a burning altar of Makhleb.
  4245 | D:5      | Reached skill level 5 in Axes
  4478 | D:5      | Found a shattered altar of Ashenzari.
  4834 | D:5      | Reached skill level 6 in Fighting
  4834 | D:5      | Reached skill level 5 in Dodging
  5032 | D:5      | Reached XP level 8. HP: 70/70 MP: 8/8
  5067 | D:5      | Found a glowing silver altar of Zin.
  5198 | D:5      | Found a shadowy altar of Dithmenos.
  5355 | D:5      | Fell from the grace of Trog
  5355 | D:5      | Became a worshipper of Zin the Law-Giver
  5355 | D:5      | Reached * piety under Zin
  5364 | D:5      | Learned a level 2 spell: Blink
  5440 | D:6      | Found a staircase to the Ecumenical Temple.
  5538 | D:6      | Reached ** piety under Zin
  5548 | D:6      | Reached skill level 1 in Spellcasting
  5548 | D:6      | Reached skill level 1 in Translocations
  5932 | D:6      | Found an ancient bone altar of Kikubaaqudgha.
  6059 | D:7      | Noticed a polar bear
  6059 | D:7      | Noticed a polar bear
  6059 | D:7      | Noticed a polar bear
  6065 | D:7      | Demolished by a polar bear

Vault maps used:
D:1:      lightli_arrival_statuegarden
D:2:      nemelex_altar_shiori
D:3:      yredelemnul_forgotten_temple_becter, makhleb_altar_promises_db
D:4:      grunt_qazlal_clouds, minmay_misc_feat_iff, uniq_grinder, uniq_menkaure
D:5:      nicolae_ashenzari_panopticon, zin_scriptorium,
          gammafunk_temple_overflow_claw, marbit_many_paths, first_bread
D:6:      lemuel_zombie_altar_kikubaaqudgha, minmay_temple_entry_overgrown
D:7:      cheibrodos_shockbox, enter_ossuary_2

Skill      XL: |  1  2  3  4  5  6  7  8 |
---------------+-------------------------+-----
Dodging        | 3 4 5 |  5.0
Stealth        | 1 2 3 4 |  4.3
Fighting       | 4 5 6 |  6.3
Axes           | 4 5 |  5.3
Spellcasting   | 1 |  1.3
Translocations | 1 |  1.8

Action                   |  1- 3 |  4- 6 |  7- 9 || total
-------------------------+-------+-------+-------++-------
Melee: Hand axe          |   122 |    70 |   135 ||   327
       Tailslap          |    13 |     8 |    16 ||    37
 Cast: Blink             |       |       |     2 ||     2
Invok: Berserk           |     5 |     2 |     2 ||     9
       Trog's Hand       |       |     1 |       ||     1
       Recite            |       |       |     1 ||     1
 Abil: Breathe Acid      |       |       |     1 ||     1
  Use: Scroll            |       |     1 |     1 ||     2
       Potion            |       |       |     1 ||     1
 Stab: Sleeping          |       |     1 |     6 ||     7
       Distracted        |       |       |     1 ||     1
  Eat: Chunk             |     7 |     7 |     6 ||    20
       Meat ration       |       |       |     1 ||     1
Armor: Skin              |    49 |    18 |    65 ||   132
Dodge: Dodged            |    88 |    40 |   128 ||   256
